Map: Cactus Valley LE (Void)

Players

Railgan - Winner!

  • Race: Zerg Zerg
  • League: Grandmaster
  • Spawn Location: 7:00

Hopt

  • Race: Terran Terran
  • League: Grandmaster
  • Spawn Location: 11:00

VOD

Have the link to the VOD?

Description

Time

  • Played on: March 4, 2017, 4:32 p.m.
  • Length: 11:33
Show
View Real Time Build Order
Export as new Build Order

Railgan Zerg - Winner!

Build Orders: Pool First, Lurkers 

Get SALT Encoding   

  12  0:01  Drone  
  13  0:13  Overlord  
  13  0:17  Drone  
  14  0:32  Drone x2  
  14  0:35  Drone  
  17  0:48  Drone, Spawning Pool  
  17  0:56  Drone  
  18  1:12  Extractor, Hatchery  
  18  1:16  Drone  
  17  1:19  Drone  
  18  1:34  Queen  
  18  1:35  Zergling x2  
  21  1:41  Drone  
  22  1:49  Overlord  
  22  2:09  Drone  
  22  2:10  Queen  
  22  2:15  Drone  
  26  2:23  Drone, Metabolic Boost  
  26  2:24  Queen  
  26  2:26  Drone  
  30  2:35  Overlord  
  30  2:39  Drone  
  30  2:43  Drone  
  30  2:44  Drone x2  
  34  2:48  Drone  
  35  2:53  Drone, Evolution Chamber  
  35  2:57  Drone  
  37  2:58  Drone  
  36  3:09  Drone x2  
  38  3:18  Drone x2  
  39  3:20  Zerg Ground Armor Level 1  
  39  3:21  Overlord  
  39  3:25  Drone x2  
  41  3:31  Zergling x6  
  44  3:34  Extractor  
  44  3:35  Overlord  
  43  3:41  Drone  
  43  3:43  Drone  
  45  3:52  Drone x7  
  45  3:55  Lair  
  52  4:02  Drone  
  53  4:08  Extractor  
  52  4:10  Overlord  
  52  4:12  Drone x2  
  52  4:13  Extractor  
  53  4:20  Drone x2  
  53  4:22  Zergling x2  
  53  4:23  Zergling x2, Queen  
  59  4:29  Zergling x8  
  60  4:39  Zergling x4  
  60  4:45  Hatchery  
  61  4:48  Zergling x2  
  62  4:55  Zergling x8  
  66  5:01  Overlord  
  66  5:02  Queen  
  66  5:05  Hydralisk Den  
  67  5:08  Zergling x2  
  67  5:13  Overlord  
  68  5:19  Queen  
  69  5:24  Overlord  
  69  5:25  Drone  
  69  5:26  Zerg Ground Armor Level 2  
  69  5:28  Drone  
  71  5:29  Evolution Chamber  
  71  5:33  Hydralisk  
  71  5:34  Hydralisk x2  
  76  5:40  Muscular Augments  
  76  5:43  Hydralisk  
  78  5:52  Hydralisk  
  78  5:54  Hydralisk x3  
  86  6:06  Hydralisk  
  78  6:16  Hydralisk x4  
  83  6:20  Zerg Missile Weapons Level 1  
  83  6:21  Queen  
  85  6:26  Zergling x2  
  85  6:27  Zergling x6  
  85  6:32  Drone  
  90  6:34  Overlord  
  90  6:36  Drone x2  
  92  6:42  Pneumatized Carapace  
  92  6:43  Overlord  
  92  6:45  Drone  
  92  6:46  Drone  
  94  6:56  Hydralisk  
  96  7:03  Lurker Den, Zergling x2  
  96  7:05  Drone x8  
  96  7:08  Drone x2  
  107  7:14  Drone  
  107  7:15  Drone x2  
  110  7:19  Overseer  
  110  7:24  Hydralisk x2  
  110  7:27  Extractor  
  110  7:28  Extractor  
  110  7:29  Hydralisk  
  112  7:31  Overlord  
  112  7:35  Overlord  
  113  7:38  Overlord  
  113  7:40  Overlord  
  111  7:45  Hydralisk  
  111  7:47  Drone  
  114  7:54  Drone x3  
  114  7:55  Hydralisk x2, Drone x3  
  124  8:01  Zerg Melee Weapons Level 1  
  124  8:06  Hydralisk x3  
  124  8:10  Zergling x6  
  133  8:16  Zergling x2  
  134  8:24  Zergling x2  
  134  8:25  Zergling x6  
  138  8:28  Hatchery  
  138  8:31  Zergling x4  
  132  8:47  Zergling x2  
  132  8:48  Zergling x6  
  136  8:50  Lurker x5  
  136  8:51  Lurker x3  
  136  8:52  Zergling x4  
  146  9:01  Overlord x4  
  146  9:07  Overlord  
  146  9:21  Hydralisk x8, Hatchery  
  161  9:29  Hydralisk  
  161  9:31  Extractor  
  162  9:34  Extractor  
  162  9:37  Hydralisk  
  163  9:43  Hydralisk  
  163  9:44  Hydralisk x5  
  175  9:48  Lurker, Zergling x2  
  177  9:56  Hydralisk  
  177  9:57  Hydralisk x2  
  159  10:08  Hydralisk  
  159  10:09  Hydralisk x2  
  162  10:15  Hydralisk  
  162  10:18  Zergling x2  
  162  10:19  Zergling x2  
  152  10:23  Drone x3  
  151  10:34  Hydralisk  
  151  10:35  Hydralisk x3  
  154  10:47  Lurker  
  149  10:55  Drone x6  
  155  11:02  Hydralisk x6  
Show
View Real Time Build Order
Export as new Build Order

Hopt Terran 

Build Orders: Reaper Expand, MMM Bio 

Get SALT Encoding   

  12  0:00  SCV  
  13  0:13  SCV  
  14  0:17  Supply Depot  
  14  0:25  SCV  
  15  0:39  SCV  
  15  0:40  Barracks  
  16  0:44  Refinery  
  16  0:51  SCV  
  17  1:03  SCV  
  18  1:15  SCV  
  19  1:27  Reaper  
  19  1:28  Orbital Command  
  20  1:40  Command Center  
  20  1:51  Barracks  
  20  1:54  SCV  
  21  2:00  Barracks Reactor  
  21  2:04  Supply Depot  
  21  2:08  SCV  
  22  2:13  Refinery  
  22  2:20  SCV  
  23  2:24  Factory  
  23  2:32  SCV  
  23  2:35  Marine  
  23  2:36  Marine  
  26  2:41  Barracks Tech Lab  
  26  2:44  SCV  
  27  2:52  Orbital Command  
  27  2:59  Marine x2  
  27  3:02  SCV  
  30  3:05  Stimpack  
  30  3:08  Marine  
  31  3:16  Marine  
  31  3:17  Marine  
  34  3:24  Starport  
  34  3:25  SCV  
  34  3:26  Factory Reactor  
  34  3:28  Marine  
  34  3:31  SCV  
  36  3:34  Marine  
  36  3:40  SCV  
  38  3:41  Marine  
  38  3:44  SCV  
  38  3:45  Supply Depot  
  40  3:52  Marine x2, SCV  
  42  3:56  SCV  
  42  3:59  Marine  
  42  4:00  Supply Depot  
  44  4:08  Medivac  
  44  4:09  Medivac  
  48  4:10  Marine x2  
  48  4:13  Supply Depot  
  48  4:15  SCV  
  51  4:17  SCV  
  51  4:19  Marine  
  53  4:24  Supply Depot  
  53  4:27  SCV  
  53  4:30  Marine x2  
  56  4:33  Supply Depot  
  56  4:36  SCV  
  56  4:37  Marine  
  58  4:46  SCV  
  58  4:49  SCV  
  58  4:51  Engineering Bay  
  58  4:52  Marine  
  61  4:53  Engineering Bay  
  61  4:54  Medivac  
  61  4:58  SCV  
  64  5:03  Marine, SCV  
  64  5:06  Combat Shields  
  66  5:07  Marine  
  66  5:09  Marine  
  66  5:10  SCV  
  69  5:15  SCV  
  68  5:21  Marine, Terran Infantry Armor Level 1, Terran Infantry Weapons Level 1  
  68  5:22  SCV  
  68  5:23  Refinery  
  68  5:25  Marine  
  68  5:27  Marine, SCV  
  73  5:36  SCV  
  73  5:37  Command Center  
  73  5:39  Marine  
  73  5:42  SCV  
  76  5:43  Barracks, Marine  
  76  5:45  Marine  
  76  5:46  Supply Depot  
  78  5:52  SCV  
  78  5:53  Supply Depot  
  78  5:56  SCV  
  80  5:57  Marine  
  80  5:59  Factory Reactor  
  80  6:01  Barracks  
  81  6:04  SCV  
  71  6:17  Supply Depot, SCV  
  62  6:21  Marine x3  
  65  6:27  Starport Reactor  
  65  6:29  Armory  
  65  6:33  Barracks  
  65  6:38  SCV  
  65  6:39  Marine x3  
  68  6:41  Refinery  
  68  6:42  Factory Tech Lab  
  68  6:44  Marine x2  
  71  6:48  SCV  
  72  6:54  SCV  
  72  6:57  Marine x3  
  76  7:01  Marine  
  76  7:02  Marine x2  
  76  7:03  Marine  
  76  7:04  Siege Tank, Medivac  
  76  7:05  Medivac  
  76  7:07  SCV x2  
  89  7:14  Orbital Command  
  89  7:15  Marine  
  90  7:16  Marine x2  
  90  7:19  Marine, SCV x2  
  90  7:20  Marine  
  90  7:22  Barracks Reactor  
  96  7:24  Marine x2  
  98  7:31  SCV  
  98  7:32  Marine  
  98  7:34  Marine, Medivac  
  98  7:36  Siege Tank  
  108  7:38  Marine x3  
  108  7:40  SCV  
  108  7:42  Marine x2, SCV  
  108  7:44  SCV  
  116  7:45  Bunker  
  116  7:47  Supply Depot  
  116  7:51  Supply Depot  
  116  7:52  SCV  
  116  7:54  SCV  
  116  7:56  Terran Infantry Weapons Level 2  
  118  8:00  Terran Infantry Armor Level 2  
  118  8:01  Marine x3  
  119  8:12  Marine  
  120  8:13  Supply Depot  
  120  8:14  Supply Depot  
  120  8:17  Marine  
  121  8:20  Marine x2  
  121  8:23  Marine x2  
  121  8:24  Marine x2  
  121  8:26  Siege Tank  
  130  8:32  SCV x2  
  130  8:33  Barracks  
  132  8:34  Factory  
  132  8:35  Barracks  
  132  8:36  Supply Depot  
  132  8:38  Refinery  
  120  8:45  Marine x2  
  120  8:46  Marine x2  
  120  8:47  Marine x3  
  125  8:50  Marine  
  125  8:53  Marine  
  127  8:57  Refinery  
  127  8:58  Medivac x2  
  130  9:02  Marine x2  
  130  9:03  Marine  
  130  9:06  Command Center  
  130  9:09  Concussive Shells  
  133  9:12  Marauder  
  133  9:13  Supply Depot  
  135  9:18  Factory Tech Lab  
  135  9:20  Barracks Tech Lab  
  135  9:25  Marine x2  
  135  9:26  Siege Tank  
  135  9:27  Barracks Tech Lab  
  135  9:30  Liberator  
  140  9:33  Marauder  
  140  9:36  Marine x3  
  140  9:37  Marine x2  
  147  9:46  Marauder  
  152  9:55  Marauder  
  146  10:00  Marine  
  146  10:01  Marine, Marauder  
  141  10:07  Marauder  
  141  10:11  Barracks  
  141  10:13  Barracks  
  141  10:14  Barracks  
  127  10:17  Barracks  
  127  10:19  Marine  
  127  10:20  Marine x3, Marauder  
  129  10:22  Marauder, SCV  
  129  10:26  SCV  
  135  10:30  Siege Tank  
  133  10:37  Marine  
  133  10:41  Marauder  
  113  11:04  Marine x2  
  113  11:05  Marauder x2  
  113  11:06  Marine  
  113  11:07  Marine  
Tags
 
Add a new tag
Caveats
  • Supply blocks, unpowered buildings, or Contaminate may cause inaccurate times.
  • Supply counts are checked every 10 seconds.